 Dungeon Crawl Stone Soup version 0.21-a0-516-gaaff437 (webtiles) character file.

144 4thArraOfDagon the Firebug (level 5, -1/42 HPs)
             Began as a Naga Fire Elementalist on Dec 3, 2017.
             Slain by Menkaure (22 damage)
             ... on level 4 of the Dungeon.
             The game lasted 00:05:29 (723 turns).

4thArraOfDagon the Firebug (Naga Fire Elementalist)  Turns: 723, Time: 00:05:30

Health: -1/42      AC:  2    Str: 11    XL:     5   Next: 26%
Magic:  6/9        EV: 10    Int: 16    God:
Gold:   42         SH:  0    Dex: 11    Spells: 1/9 levels left

rFire    . . .     SeeInvis +   k - +1 lajatang (vamp)
rCold    . . .     Gourm    .   (shield currently unavailable)
rNeg     . . .     Faith    .   a - +0 robe
rPois    +         Spirit   .   (no helmet)
rElec    .         Reflect  .   (no cloak)
rCorr    .         Harm     .   (no gloves)
MR       .....                  (no barding)
Stlth    +.........             (no amulet)
HPRegen  0.14/turn              (no ring)
MPRegen  0.11/turn              (no ring)

@: confused, short of breath, very slightly contaminated, very slow
A: large, see invisible, deformed body, poison resistance, slowness 2, slow
metabolism 1, spit poison 1, AC +1
a: Spit Poison


You were on level 4 of the Dungeon.
You were hungry.

You visited 1 branch of the dungeon, and saw 4 of its levels.

You collected 42 gold pieces.

Inventory:

Hand Weapons
 i - a +0 broad axe
 k - a +1 vampiric lajatang (weapon)
Missiles
 j - 2 curare-tipped needles
Armour
 a - a +0 robe (worn)
Wands
 h - a wand of iceblast (12)
Scrolls
 d - a scroll of magic mapping
 g - 3 scrolls of teleportation
 l - a scroll of blinking
 m - a scroll of amnesia
Books
 b - a book of Flames

   Spells                             Type                      Level
   a - Flame Tongue                   Conjuration/Fire             1
   b - Throw Flame                    Conjuration/Fire             2
   c - Conjure Flame                  Conjuration/Fire             3
   d - Inner Flame                    Hexes/Fire                   3
   e - Sticky Flame                   Conjuration/Fire             4
   f - Fireball                       Conjuration/Fire             5
Comestibles
 c - a bread ration
 f - 2 meat rations
 n - 5 chunks of flesh


   Skills:
 - Level 1.5 Dodging
 - Level 3.0 Stealth
 + Level 2.7 Spellcasting
 * Level 3.1 Conjurations
 * Level 4.3 Fire Magic


You had one spell level left.
You knew the following spells:

 Your Spells              Type           Power        Failure   Level  Hunger
a - Flame Tongue          Conj/Fire      ##...        4%          1    #......
b - Sticky Flame          Conj/Fire      ##......     38%         4    #####..
c - Conjure Flame         Conj/Fire      ##......     12%         3    ###....


Dungeon Overview and Level Annotations

Branches:
Dungeon (4/15)
 Temple: D:4-7

Altars:

Annotations:
D:4 Gerstahl's ghost, amateur DsGl; Menkaure


Innate Abilities, Weirdness & Mutations

You cannot wear boots.
Your serpentine skin is tough. (AC +1)
You have supernaturally acute eyesight. (SInv)
Armour fits poorly on your strangely shaped body.
Your system is resistant to poisons. (rPois)
You cover ground very slowly.
You have a slow metabolism.
You can spit poison.


Message History

Confirm with . or Enter, or press ? or * to list all spells.
Okay, then.
Casting: Flame Tongue
Confirm with . or Enter, or press ? or * to list all spells.
Aiming: Sticky Flame
Press: ? - help, Shift-Dir - straight line, f/p - Menkaure
Aim: Menkaure (fast)
You miscast Sticky Flame.
You are very lightly contaminated with residual magic.
You smell something strange.
You are feeling hungry.
Menkaure barely misses you.
Unknown command.
It was a potion of ambrosia.
You are confused.
You feel invigorated.
Menkaure calls on the powers of darkness!
Your body is wracked with pain!
Menkaure hits you!!
Ouch! That really hurt!
You die...

...... ..... .... .... .()%
##### ...# .... #...#
#..#.....
#..†############..#....##.##
#...)......@M).<............
#...#...######...)...#.#.###
#######.# #...........
####)# #....###...
##....####...#.# .. #.
##........#..#... S #W
#.......#....#..M. o.
#.......###........ #h
#.......##..##.....# .o .


You could see Menkaure.

Vanquished Creatures
  An orc wizard (D:4)
  Ijyb (D:3)
  3 adders
  3 worms
  A dart slug (D:3)
  4 leopard geckos
  2 orcs (D:4)
  A giant cockroach (D:1)
  3 goblins
  6 hobgoblins
  3 jackals (D:4)
  5 kobolds
  A quokka (D:3)
  4 bats
  A frilled lizard (D:4)
  4 rats
43 creatures vanquished.

Notes
Turn   | Place    | Note
-------+----------+-------------------------------------------
     0 | D:1      | 4thArraOfDagon the Naga Fire Elementalist began the quest for the Orb.
     0 | D:1      | Reached XP level 1. HP: 15/15 MP: 3/3
    81 | D:1      | Reached XP level 2. HP: 6/22 MP: 1/5
    95 | D:2      | Turgon: Hi!
   207 | D:2      | Reached XP level 3. HP: 18/28 MP: 3/6
   263 | D:3      | 4thArraOfDagon: hi
   317 | D:3      | Noticed Ijyb
   328 | D:3      | Killed Ijyb
   344 | D:3      | Reached XP level 4. HP: 35/36 MP: 1/7
   355 | D:3      | Learned a level 4 spell: Sticky Flame
   386 | D:3      | Learned a level 3 spell: Conjure Flame
   488 | D:4      | Noticed Gerstahl's ghost (amateur DsGl)
   615 | D:4      | Noticed an ogre
   641 | D:4      | Reached skill level 4 in Fire Magic
   677 | D:4      | Reached XP level 5. HP: 36/42 MP: 5/9
   700 | D:4      | Noticed Menkaure
   723 | D:4      | Slain by Menkaure

Vault maps used:
D:1:      minmay_arrival_three_doors
D:3:      first_bread, grunt_ministairs_1, kennysheep_generic_room_4, uniq_ijyb
D:4:      uniq_menkaure

Skill      XL: |  1  2  3  4 |
---------------+-------------+-----
Conjurations   | 2 3 |  3.1
Fire Magic     | 4 |  4.3
Dodging        | |  1.5
Stealth        | |  3.0
Spellcasting   | |  2.7

Action                   |  1- 3 |  4- 6 || total
-------------------------+-------+-------++-------
Melee: Unarmed           |     1 |     2 ||     3
       Lajatang          |       |     5 ||     5
 Cast: Flame Tongue      |    29 |    23 ||    52
 Abil: Spit Poison       |    24 |    18 ||    42
  Use: Scroll            |       |     4 ||     4
       Potion            |       |     1 ||     1
  Eat: Chunk             |       |     2 ||     2
       Bread ration      |       |     1 ||     1
Armor: Robe              |     6 |     4 ||    10
Dodge: Dodged            |    12 |    21 ||    33

Table legend:
 A = Spawn XP
 B = Non-spawn XP
 C = Spawn XP percentage of total XP
 D = Spawn monster count
 E = Non-spawn monster count
 F = Spawn count percentage of total count
 G = Total turns spent on level
                    A         B        C        D         E        F      G
               +---------+---------+-------+---------+---------+-------+---------
         Total |       0 |     206 |   0.0 |       0 |      43 |   0.0 |   723
               +---------+---------+-------+---------+---------+-------+---------
           D:1 |       0 |      11 |   0.0 |       0 |       6 |   0.0 |    89
           D:2 |       0 |      29 |   0.0 |       0 |      13 |   0.0 |   173
           D:3 |       0 |      80 |   0.0 |       0 |      13 |   0.0 |   315
           D:4 |       0 |      86 |   0.0 |       0 |      11 |   0.0 |   146
               +---------+---------+-------+---------+---------+-------+---------
